 Dungeon Crawl Stone Soup version 0.17-a0-469-g696e5a1 (webtiles) character file.

1318 Radiman the Geomancer (level 8, 0/41 HPs)
             Began as a Gargoyle Earth Elementalist on Apr 6, 2015.
             Was a Believer of Vehumet.
             Slain by a spider (5 damage)
             ... on level 6 of the Dungeon.
             The game lasted 00:42:22 (6179 turns).

Radiman the Geomancer (Gargoyle Earth Elementalist) Turns: 6179, Time: 00:42:23

Health: 0/41       AC: 16    Str: 11    XL:     8   Next: 59%
Magic:  7/17       EV: 10    Int: 21    God:    Vehumet [**....]
Gold:   387        SH:  0    Dex: 10    Spells: 4 memorised, 8 levels left

rFire  . . .     SeeInvis .     n - +0 dagger (elec)
rCold  . . .     Clarity  .     u - +1 ring mail of Articulation {+Inv rCorr Int+2}
rNeg   + . .     SustAb   .     (no shield)
rPois  ∞         Gourm    .     (no helmet)
rElec  +         Spirit   .     (no cloak)
rCorr  +         Warding  .     t - +1 pair of gloves
rMut   .         Stasis   .     p - +2 pair of boots
MR     .....                    (no amulet)
Stlth  +.........               (no ring)
                                (no ring)

@: not resistant to hostile enchantments, very unstealthy
A: negative energy resistance 1, electricity resistance, unbreathing,
petrification resistance, rot immunity, AC +5
a: Renounce Religion, Evoke Invisibility


You were on level 6 of the Dungeon.
You worshipped Vehumet.
Vehumet was pleased with you.
You were not hungry.

You visited 1 branch of the dungeon, and saw 6 of its levels.
You also visited: Sewer.

You collected 387 gold pieces.

Inventory:

Hand weapons
 n - a +0 dagger of electrocution (weapon)
 v - a +1 hand axe of freezing
 x - a cursed -2 blowgun
 y - the +2 hunting sling of Guile {velocity, rF+}
   (You found it on level 5 of the Dungeon)

   Any stone fired from it inflicts extra damage.
   It protects you from fire.
 I - a +2 mace of crushing
Missiles
 b - 157 stones (quivered)
Armour
 p - a +2 pair of boots (worn)
 t - a +1 pair of gloves (worn)
 u - the +1 ring mail of Articulation (worn) {+Inv rCorr Int+2}
   (You found it on level 4 of the Dungeon)

   It affects your intelligence (+2).
   It lets you turn invisible.
   It protects you from acid and corrosion.
 D - a +0 scale mail of cold resistance
Jewellery
 s - an uncursed ring of teleportation
Magical devices
 L - a wand of polymorph (5)
Scrolls
 c - a scroll of fog
 w - a scroll of remove curse
 E - a scroll of recharging {unknown}
 F - a scroll of magic mapping
 H - a scroll of random uselessness {unknown}
 J - a scroll of identify
 K - a scroll of amnesia {unknown}
 M - a scroll of teleportation {unknown}
Potions
 e - a potion of invisibility
 f - a potion of heal wounds {unknown}
 g - 2 potions of restore abilities
 i - a potion of poison {unknown}
 j - a potion of agility
 l - 2 potions of ambrosia
 m - 2 potions of lignification
 q - 2 potions of resistance
 z - 2 potions of haste {unknown}
 A - 2 potions of mutation {unknown}
Books
 d - a book of Geomancy

   Spells                             Type                      Level
   a - Sandblast                      Earth                        1
   b - Stoneskin                      Transmutation/Earth          2
   c - Passwall                       Transmutation/Earth          3
   d - Stone Arrow                    Conjuration/Earth            3
   e - Petrify                        Transmutation/Earth          4
   f - Lee's Rapid Deconstruction     Earth                        5
 C - a book of Changes

   Spells                             Type                      Level
   a - Beastly Appendage              Transmutation                1
   b - Sticks to Snakes               Transmutation                2
   c - Spider Form                    Transmutation/Poison         3
   d - Ice Form                       Ice/Transmutation            4
   e - Blade Hands                    Transmutation                5
Comestibles
 a - 7 bread rations
 k - 3 meat rations
 o - 3 beef jerkies
 r - a fruit
 G - a royal jelly


   Skills:
 - Level 1.5 Dodging
 - Level 2.1 Stealth
 * Level 6.3 Spellcasting
 - Level 0.7 Transmutations
 * Level 9.0 Earth Magic
 + Level 3.1 Evocations


You had 8 spell levels left.
You knew the following spells:

 Your Spells              Type           Power        Failure   Level  Hunger
a - Sandblast             Erth           #####.       1%          1    None
b - Lee's Rapid Deconstr  Erth           #####.....   17%         5    #####..
c - Stoneskin             Trmt/Erth      ####....     6%          2    None
d - Stone Arrow           Conj/Erth      ####..       12%         3    #......


Dungeon Overview and Level Annotations

Branches:
Dungeon (6/15)
 Temple: D:4-7

Altars:
Dithmenos
Kikubaaqudgha
Okawaru
Trog
Vehumet

Shops:
D:5 (

Annotations:
D:5 Radiman's ghost, experienced GrEE


Innate Abilities, Weirdness & Mutations

You are resistant to torment.
Your stone body is resilient (AC +5).
You are immune to poison.
You resist negative energy.
You are resistant to electric shocks.
You can survive without breathing.
You are immune to petrification.
You are immune to rotting.


Message History

The blast of sand misses the spider.
The spider closely misses you.
Casting: Sandblast
Confirm with . or Enter, or press ? or * to list all spells.
Aiming: Sandblast
Press: ? - help, Shift-Dir - straight line, f/p - spider
Aim: a spider (lightly wounded, clinging)
The blast of sand hits the spider.
The spider is lightly wounded.
The spider bites you.
* * * LOW HITPOINT WARNING * * *
The spider completely misses you.
Casting: Sandblast
Confirm with . or Enter, or press ? or * to list all spells.
Aiming: Sandblast
Press: ? - help, Shift-Dir - straight line, f/p - spider
Aim: a spider (lightly wounded, clinging)
The blast of sand hits the spider.
The spider is lightly wounded.
The spider bites you.
You die...

......#.######.#
###.##........#
. #..#######
#..# # #..# #
#..# # #..#
#####.# #..#
#@s...# ####
#######


You could see a spider.

Vanquished Creatures
  The ghost of Egregious the Poker, an average TeGl of Qazlal (D:3)
  Purgy (Sewer)
  An ice beast (D:5)
  An ogre (D:5)
  A centaur (D:5)
  A scorpion (D:5)
  3 hounds
  A giant frog zombie (D:5)
  A gnoll shaman (D:5)
  2 crimson imps (D:5)
  A centaur skeleton (D:5)
  A giant frog skeleton (D:4)
  An iron imp (D:3)
  7 worker ants
  An orc wizard (D:3)
  Natasha (thrice) (D:3)
  2 iguanas
  A worker ant zombie (D:5)
  8 adders
  2 gnolls
  A river rat (D:5)
  2 worms (D:2)
  5 giant geckos
  5 orcs
  3 ball pythons
  A bat zombie (D:5)
  13 hobgoblins
  16 kobolds
  6 quokkas
  23 bats
  4 giant cockroaches
  8 giant newts
  7 goblins
  6 jackals
  A quokka skeleton (D:5)
  11 rats
152 creatures vanquished.

Notes
Turn   | Place    | Note
--------------------------------------------------------------
     0 | D:1      | Radiman, the Gargoyle Earth Elementalist, began the quest for the Orb.
     0 | D:1      | Reached XP level 1. HP: 10/10 MP: 3/3
     2 | D:1      | Noticed an ogre
     2 | D:1      | Noticed a felid
     4 | D:1      | Noticed a vine stalker
     6 | D:1      | Noticed a minotaur
     6 | D:1      | Noticed an elf
     8 | D:1      | Noticed a dwarf
     8 | D:1      | Noticed a demigod
    10 | D:1      | Noticed a centaur
    10 | D:1      | Noticed a spriggan
    12 | D:1      | Noticed an octopode
    12 | D:1      | Noticed a human
    14 | D:1      | Noticed a vampire
    14 | D:1      | Noticed a formicid
    16 | D:1      | Noticed a tengu
    16 | D:1      | Noticed a ghoul
    18 | D:1      | Noticed a merfolk
    20 | D:1      | Noticed a gargoyle
    20 | D:1      | Noticed a demonspawn
    24 | D:1      | Noticed a naga
    26 | D:1      | Noticed a draconian
    26 | D:1      | Noticed a troll
    59 | D:1      | Reached skill level 4 in Earth Magic
    59 | D:1      | Reached XP level 2. HP: 15/15 MP: 1/5
   447 | D:1      | Found an iron altar of Okawaru.
   606 | D:1      | Reached XP level 3. HP: 19/19 MP: 4/7
   998 | D:2      | Reached XP level 4. HP: 24/24 MP: 0/9
  1018 | D:2      | Reached skill level 5 in Earth Magic
  1132 | D:2      | Reached XP level 5. HP: 24/28 MP: 6/10
  1169 | D:2      | Learned a level 5 spell: Lee's Rapid Deconstruction
  2365 | D:3      | Noticed Egregious's ghost (average TeGl)
  2654 | D:4      | Got an ancient ring mail
  2715 | D:4      | Found a radiant altar of Vehumet.
  2848 | D:4      | Found a bloodstained altar of Trog.
  2857 | D:4      | Found an ancient bone altar of Kikubaaqudgha.
  2998 | D:4      | Reached skill level 6 in Earth Magic
  2998 | D:4      | Reached XP level 6. HP: 30/32 MP: 6/12
  3021 | D:4      | Became a worshipper of Vehumet
  3194 | D:4      | Identified the cursed +1 ring mail of Articulation {+Inv rCorr Int+2} (You found it on level 4 of the Dungeon)
  3224 | D:5      | Entered Level 5 of the Dungeon
  3339 | D:5      | Found Catsa's Weapon Shoppe.
  3344 | D:5      | Got an iridescent hunting sling
  3559 | D:5      | Reached skill level 1 in Evocations
  3697 | D:5      | Found a glowing drain.
  3715 | Sewer    | Entered a sewer
  3795 | Sewer    | Noticed Purgy
  3805 | Sewer    | Killed Purgy
  3805 | Sewer    | Reached skill level 7 in Earth Magic
  3805 | Sewer    | Reached XP level 7. HP: 33/36 MP: 8/14
  3898 | D:5      | Acquired Vehumet's first power
  3898 | D:5      | Offered knowledge of Sting by Vehumet.
  4015 | D:5      | Reached skill level 5 in Spellcasting
  4022 | D:5      | Learned a level 2 spell: Stoneskin
  4026 | D:5      | Learned a level 3 spell: Stone Arrow
  4282 | D:5      | Reached skill level 8 in Earth Magic
  4282 | D:5      | Reached XP level 8. HP: 22/41 MP: 2/16
  4552 | D:5      | Noticed Radiman's ghost (experienced GrEE)
  4978 | D:3      | Killed Egregious's ghost
  4991 | D:3      | Identified the +2 hunting sling of Guile {velocity, rF+} (You found it on level 5 of the Dungeon)
  5045 | D:3      | Found a shadowy altar of Dithmenos.
  5117 | D:3      | Noticed Natasha
  5134 | D:3      | Killed Natasha
  5145 | D:3      | Noticed Natasha
  5152 | D:3      | Killed Natasha
  5246 | D:3      | Offered knowledge of Freeze by Vehumet.
  5636 | D:3      | Noticed Natasha
  5694 | D:3      | Killed Natasha
  6126 | D:5      | Reached skill level 9 in Earth Magic
  6170 | D:6      | HP: 2/41 [orc warrior/broad axe (14)]
  6179 | D:6      | Slain by a spider

Action                   |  1- 3 |  4- 6 |  7- 9 || total
-------------------------+-------+-------+-------++-------
Melee: Dagger            |    31 |   137 |   109 ||   277
 Cast: Sandblast         |    43 |   110 |   146 ||   299
       Stoneskin         |       |       |     1 ||     1
Evoke: Wand              |       |       |     1 ||     1
  Use: Scroll            |       |    10 |     1 ||    11
       Potion            |       |       |     3 ||     3
 Stab: Sleeping          |       |     5 |     1 ||     6
  Eat: Chunk             |     1 |     8 |     8 ||    17
